 Dungeon Crawl Stone Soup version 0.29-a0-717-g6dac4ea423 (webtiles) character file.

Game seed: 5665265976171138622

116 polve the Cutter (level 4, -2/35 HPs)
             Began as a Demonspawn Abyssal Knight on June 26, 2022.
             Was a Believer of Lugonu.
             Slain by an orc wizard
             ... wielding a +0 dagger of electrocution
              (17 damage)
             ... on level 3 of the Dungeon.
             The game lasted 00:01:45 (2968 turns).

polve the Cutter (Demonspawn Abyssal Knight)        Turns: 2968, Time: 00:01:47

Health: -2/35      AC:  6    Str: 15    XL:     4   Next: 69%
Magic:  6/6        EV: 10    Int: 11    God:    Lugonu [**....]
Gold:   126        SH:  0    Dex: 14    Spells: 3/3 levels left

rFire   . . .      SeeInvis .   a - +1 short sword
rCold   . . .      Faith    .   (no shield)
rNeg    . . .      Spirit   .   b - +0 scale mail
rPois   .          Reflect  .   (helmet restricted)
rElec   .          Harm     .   (no cloak)
rCorr   .          Rampage  .   (no gloves)
Will    .....                   (no boots)
Stlth   ..........              (no amulet)
HPRegen 0.11/turn               i - ring of flight
MPRegen 0.10/turn               (no ring)

@: flying
A: horns 1, demonic guardian 1, sturdy frame 1
a: Renounce Religion, Depart the Abyss, Bend Space


You were on level 3 of the Dungeon.
You worshipped Lugonu.
Lugonu was pleased with you.
You visited 1 branch of the dungeon, and saw 3 of its levels.
You visited the Abyss 1 time.

You collected 126 gold pieces.

Inventory:

Hand Weapons
 a - a +1 short sword (weapon)
Armour
 b - a +0 scale mail (worn)
Jewellery
 i - a ring of flight (left hand)
Scrolls
 c - a scroll of fear {unknown}
 d - a scroll of torment {unknown}
 e - 4 scrolls of identify {unknown}
 g - a scroll of magic mapping {unknown}
 j - 3 scrolls of blinking {unknown}
 k - a scroll of enchant armour {unknown}
 l - a scroll of noise {unknown}
Potions
 h - a potion of lignification {unknown}


   Skills:
 - Level 3.0 Fighting
 - Level 4.0 Short Blades
 - Level 1.7 Armour
 - Level 0.8 Dodging
 + Level 3.9 Invocations


You had 3 spell levels left.
You didn't know any spells.
Your spell library was empty.

Dungeon Overview and Level Annotations

Branches:
Dungeon (3/15)

Altars:


Innate Abilities, Weirdness & Mutations

You have a pair of small horns on your head.
A weak demonic guardian rushes to your aid.
Your movements are slightly less encumbered by armour. (ER -2)


Message History

You barely miss the orc. Your headbutt misses the orc.
You hit the orc but do no damage. The orc hits you but does no damage.
You hit the orc. Your headbutt misses the orc.
The orc is heavily wounded.
The orc hits you with a +0 mace.
You hit the orc. Your headbutt misses the orc.
The orc is heavily wounded.
The orc hits you with a +0 mace.
A demonic guardian appears!
The orc misses your ufetubus.
You hit the orc.
The orc is severely wounded.
The orc misses your ufetubus. The orc hits you with a +0 mace.
Your ufetubus hits the orc.
Your ufetubus barely misses the orc.
You hit the orc.
You kill the orc!
Lugonu accepts your kill.
Your ufetubus barely misses the orc. x2; The orc closely misses your ufetubus.
You hear some strange, mumbled words.
You are confused.
You're too confused to attack without stumbling around!
You're too confused to attack without stumbling around!
Your ufetubus barely misses the orc.
Your ufetubus misses the orc.
You hear some strange, mumbled words.
You are more confused.
The orc hits your ufetubus with a +0 mace!
Your ufetubus dies!
Your ufetubus disappears in a puff of smoke!
You bump into the rock wall.
Something hits you but does no damage.
You bump into the rock wall.
Something hits you but does no damage.
You bump into the rock wall.
Something hits you but does no damage. Something hits you but does no damage.
You are electrocuted!
* * * LOW HITPOINT WARNING * * *
You bump into the rock wall.
Something hits you but does no damage.
It was a potion of curing.
You feel better. Something hits you but does no damage.
You closely miss something. You closely miss the orc.
Your headbutt misses the orc.
The orc is moderately wounded.
The orc hits you but does no damage. Something hits you.
You are electrocuted!
You die...

..#### #..<# ## ..#
#.#...... #.# #.#.....
#.#### ####........#
.....# .....####...#
.###.####.##.. #...###
.# #..##..##.# #.# #
.####.##.###/###.#.#####
.##......)..$).o@.......
....#..()†#.####.##.####
..##....#...# #.#
.....#####.## ..# #...
#.o# ... .....
#.......## ##...
#.#...### ##. .. ...#
... #....


You could see an orc.

Vanquished Creatures
  Jessica (D:3)
  3 adders
  A worm (D:2)
  2 orcs (D:3)
  5 endoplasms
  4 giant cockroaches
  5 goblins
  3 hobgoblins (D:1)
  8 jackals
  2 quokkas
  4 ball pythons
  2 bats (D:1)
  5 frilled lizards
  5 kobolds
  4 rats
54 creatures vanquished.

Notes
Turn   | Place    | Note
-------+----------+-------------------------------------------
     0 | Abyss:1  | polve the Demonspawn Abyssal Knight began the quest for the
                  | Orb.
     0 | Abyss:1  | Reached XP level 1. HP: 18/18 MP: 2/2
    51 | Abyss:1  | Found a corrupted altar of Lugonu.
   233 | D:1      | Escaped the Abyss
   314 | D:1      | Reached skill level 2 in Short Blades
   316 | D:1      | Reached ** piety under Lugonu
   501 | D:1      | Gained mutation: You have a pair of small horns on your
                  | head. [demonic ancestry]
   501 | D:1      | Reached XP level 2. HP: 19/24 MP: 3/3
   800 | D:1      | Found a faded altar of an unknown god.
  1110 | D:1      | Reached skill level 3 in Short Blades
  1378 | D:1      | Gained mutation: A weak demonic guardian rushes to your
                  | aid. [demonic ancestry]
  1378 | D:1      | Reached XP level 3. HP: 29/29 MP: 4/4
  2648 | D:3      | Gained mutation: Your movements are slightly less
                  | encumbered by armour. (ER -2) [demonic ancestry]
  2648 | D:3      | Reached XP level 4. HP: 34/35 MP: 5/5
  2650 | D:3      | Reached skill level 4 in Short Blades
  2896 | D:3      | Noticed Jessica
  2903 | D:3      | Killed Jessica
  2968 | D:3      | Slain by an orc wizard

Illustrated notes

Levels and vault maps discovered:
D:1:      dpeg_arrival_ternary, layout_basic,
          shapermc_ecumenical_altar_notcrosses
D:2:      layout_loops_cross, minmay_tromino_i4
D:3:      layout_rooms, uniq_jessica

Skill      XL: |  1  2  3  4 |
---------------+-------------+-----
Short Blades   | 2 3 4 |  4.0
Invocations    | 3 |  3.9
Fighting       | |  3.0
Armour         | |  1.7
Dodging        | |  0.8

Action                   |  1- 3 |  4- 6 || total
-------------------------+-------+-------++-------
Melee: Short sword       |   139 |    37 ||   176
       Punch             |     1 |       ||     1
       Headbutt          |    19 |     4 ||    23
Invok: Depart the Abyss  |     1 |       ||     1
  Use: Potion            |     1 |     1 ||     2
Armor: Leather armour    |    37 |       ||    37
       Scale mail        |     8 |    22 ||    30
Dodge: Dodged            |    86 |    15 ||   101

Table legend: (Time is in decaauts)
 A = Elapsed time spent in this place.
 B = Non-inter-level travel time spent in this place.
 C = Inter-level travel time spent in this place.
 D = Time resting spent in this place.
 E = Time spent auto-exploring this place.
 F = Levels seen in this place.
 G = Mean time per level.
                   A        B        C        D        E       F      G
               +--------+--------+--------+--------+--------+-----+--------+
         Total |   2982 |   2912 |     70 |      0 |   2542 |   4 |  745.5 |
       Dungeon |   2723 |   2653 |     70 |      0 |   2284 |   3 |  907.7 |
         Abyss |    258 |    258 |      0 |      0 |    257 |   1 |  258.0 |
               +--------+--------+--------+--------+--------+-----+--------+

Top non-repeatable levels by time:
     D:1: 1415 daAuts
     D:2: 983 daAuts
     D:3: 325 daAuts
 Abyss:1: 258 daAuts
